AoeStats
← JUNIOR

Nomad

503145346Analyzed
1v1 RM · 1mo ago on Aug 30, 2026· 36m 10s· 2 players
Game mode
Random Map
Map size
126×126
Population
200
Speed
Normal
Resources
Standard
Victory
Conquest
Starting age
Dark Age
Ending age
Imperial Age
RankedLock teamsTeams togetherTeam positionsShared explorationLock speedFull tech treeHidden civsTurbo modeCheats
Victory
Defeat
🇨🇳 Ethiopians · China
1009
+16
🇧🇷 Spanish · Brazil
1013
-16
大腕
4:37 Loom
15:15 Feudal Age
18:18 Wheelbarrow
19:57 Castle Age
18:14 Fletching
20:56 Bodkin Arrow
22:14 Medium Warships
25:26 Wheelbarrow
27:25 Padded Archer Armor
27:29 Scale Mail Armor
33:10 Forging
JUNIOR
12:51 Loom
14:50 Feudal Age
19:56 Castle Age
29:22 Husbandry
Connection lost

Rejoining the realm…

Still unreachable

The connection could not be restored.

Session expired

The server has moved on; the page needs a fresh start.